Map: Oxide LE

Players

Nina - Winner!

  • Race: Protoss Protoss
  • League: Grandmaster
  • Spawn Location: 7:00

MaSa

  • Race: Terran Terran
  • League: Master
  • Spawn Location: 1:00

Event: DreamHack SC2 Masters 2020 Winter

VOD

Have the link to the VOD?

Description

Time

  • Played on: Nov. 5, 2020, 4:40 p.m.
  • Length: 10:26

All games in this series

Show
View Real Time Build Order
Export as new Build Order

Nina Protoss - Winner!

Build Orders: Oracle Opening 

Get SALT Encoding   

  12  0:00  Probe  
  13  0:12  Probe  
  14  0:18  Pylon  
  14  0:24  Probe  
  15  0:36  Probe (Chrono Boost)  
  15  0:37  Gateway  
  16  0:44  Assimilator  
  16  0:47  Probe (Chrono Boost)  
  17  0:52  Probe (Chrono Boost)  
  19  1:15  Probe  
  19  1:27  Probe  
  19  1:31  Cybernetics Core  
  20  1:40  Probe  
  20  1:43  Pylon  
  21  1:51  Nexus  
  21  1:55  Probe  
  21  2:00  Assimilator  
  21  2:08  Adept (Chrono Boost)  
  23  2:11  Probe  
  24  2:23  Probe  
  24  2:27  Stargate  
  25  2:34  Stalker  
  25  2:35  Probe  
  28  2:45  Warp Gate  
  28  2:48  Probe  
  29  2:56  Pylon  
  29  3:00  Probe  
  29  3:04  Probe  
  31  3:10  Shield Battery  
  31  3:11  Oracle (Chrono Boost)  
  31  3:19  Probe x2  
  36  3:24  Stalker  
  38  3:31  Probe x2  
  40  3:38  Gateway  
  40  3:43  Probe  
  40  3:48  Oracle (Chrono Boost)  
  40  3:50  Probe  
  40  3:55  Probe  
  45  3:59  Gateway  
  45  4:02  Probe  
  46  4:06  Pylon  
  46  4:07  Probe  
  47  4:14  Probe  
  47  4:16  Void Ray  
  52  4:34  Stalker  
  52  4:37  Gateway, Shield Battery  
  52  4:38  Pylon  
  52  4:55  Zealot x2, Void Ray  
  56  5:00  Gateway  
  56  5:17  Zealot x2  
  55  5:25  Probe  
  55  5:28  Probe  
  49  5:33  Cybernetics Core, Zealot  
  49  5:34  Pylon  
  51  5:37  Zealot x2  
  51  5:41  Phoenix  
  57  5:47  Probe  
  57  5:49  Probe  
  57  5:54  Zealot  
  59  5:59  Zealot x2, Probe  
  60  6:07  Zealot, Probe  
  60  6:09  Void Ray  
  61  6:14  Probe  
  61  6:17  Sentry  
  66  6:19  Probe  
  66  6:21  Pylon  
  64  6:35  Zealot x2  
  64  6:39  Pylon, Probe  
  69  6:42  Twilight Council  
  69  6:45  Probe  
  70  6:51  Assimilator, Zealot x2  
  70  6:54  Probe  
  75  7:01  Gateway  
  75  7:03  Gateway  
  75  7:06  Sentry  
  77  7:10  Zealot  
  79  7:17  Zealot x2  
  73  7:32  Charge (Chrono Boost)  
  73  7:34  Zealot x2  
  77  7:37  Stalker x2  
  77  7:41  Shield Battery  
  73  7:54  Stalker x2  
  67  7:59  Probe x2  
  69  8:11  Nexus, Probe  
  69  8:12  Dark Shrine  
  70  8:13  Phoenix  
  70  8:15  Probe  
  73  8:20  Pylon  
  73  8:23  Phoenix  
  73  8:25  Sentry  
  73  8:26  Probe  
  76  8:34  Assimilator  
  76  8:35  Forge, Zealot x2  
  76  8:37  Probe  
  81  8:42  Pylon  
  81  8:45  Phoenix (Chrono Boost)  
  83  8:49  Probe  
  83  8:51  Probe  
  84  8:56  Stalker  
  83  9:07  Phoenix (Chrono Boost)  
  83  9:09  Probe  
  86  9:14  Probe  
  87  9:19  Shield Battery  
  87  9:21  Probe  
  88  9:25  Phoenix  
  90  9:34  Probe  
  91  9:38  Dark Templar  
  91  9:40  Zealot x3  
  91  9:42  Probe  
  78  10:03  Probe  
  73  10:11  Dark Templar x3  
  73  10:12  Probe  
  76  10:16  Zealot x3  
Show
View Real Time Build Order
Export as new Build Order

MaSa Terran 

Build Orders:  

Get SALT Encoding   

  12  0:00  SCV  
  13  0:12  SCV  
  14  0:17  Supply Depot  
  14  0:24  SCV  
  15  0:38  SCV  
  15  0:39  Barracks  
  16  0:44  Refinery  
  16  0:50  SCV  
  17  1:02  SCV  
  18  1:14  SCV  
  18  1:18  Engineering Bay  
  19  1:26  Marine  
  19  1:27  Orbital Command  
  20  1:33  Supply Depot  
  20  1:44  Marine  
  21  1:52  SCV  
  22  1:54  Factory  
  22  1:59  Refinery  
  22  2:03  Marine  
  22  2:04  Barracks  
  22  2:08  SCV  
  24  2:21  SCV  
  25  2:23  Marine  
  26  2:33  SCV  
  27  2:38  Factory Tech Lab  
  27  2:39  Starport  
  28  2:44  Supply Depot  
  28  2:45  Barracks Reactor  
  28  2:47  SCV  
  28  2:51  Marine  
  29  3:03  SCV  
  30  3:05  Siege Tank  
  30  3:07  Supply Depot  
  30  3:09  Marine  
  34  3:18  Medivac  
  36  3:21  SCV  
  36  3:23  Marine x2  
  39  3:28  Marine  
  39  3:30  Supply Depot  
  40  3:35  SCV  
  40  3:37  Supply Depot  
  41  3:41  Marine  
  41  3:45  Siege Tank  
  45  3:49  Marine  
  45  3:50  Marine  
  47  3:59  Marine  
  48  4:07  Marine  
  48  4:09  Marine  
  53  4:18  Bunker  
  49  4:26  Viking  
  38  4:46  Siege Tank  
  37  5:00  Marine x2  
  37  5:01  SCV  
  40  5:08  Bunker  
  38  5:20  SCV  
  33  5:27  Marine x2  
  32  5:32  Marine, SCV  
  34  5:36  Viking  
  36  5:44  SCV  
  36  5:45  Marine x2  
  39  5:52  Marine  
  39  5:56  SCV  
  41  6:03  Marine  
  40  6:08  SCV  
  40  6:11  Marine x2  
  42  6:21  Marine, Viking  
  45  6:29  Marine, SCV  
  45  6:35  Marine  
  45  6:38  Marine  
  47  6:41  SCV  
  47  6:46  Marine  
  49  6:51  Viking  
  49  6:53  SCV  
  53  6:56  Marine  
  53  6:59  Supply Depot  
  54  7:03  Barracks Tech Lab  
  54  7:04  Marine  
  54  7:05  SCV  
  55  7:14  Siege Tank, Marine  
  59  7:17  SCV  
  59  7:22  Marine  
  61  7:27  Marine  
  61  7:32  Marine  
  61  7:36  SCV  
  63  7:40  Marine  
  63  7:42  Bunker  
  63  7:45  Marine  
  63  7:50  Marine  
  56  7:54  Siege Tank  
  56  7:58  Marine  
  50  8:00  Combat Shield  
  50  8:02  Marine  
  50  8:03  SCV  
  53  8:15  SCV  
  53  8:16  Medivac  
  55  8:28  Command Center  
  55  8:30  SCV  
  55  8:33  Supply Depot  
  56  8:40  Barracks  
  56  8:41  Marine  
  56  8:44  Marine  
  58  8:50  SCV  
  59  8:59  Siege Tank  
  63  9:02  SCV  
  63  9:03  Marine x2  
  64  9:14  Starport Reactor  
  64  9:15  SCV  
  65  9:30  Command Center  
  66  9:31  SCV  
  66  9:37  Marine x2  
  64  9:45  Barracks Reactor  
  45  10:05  Marine x3  
  43  10:09  SCV  
Tags
 
Add a new tag
Caveats
  • Supply blocks, unpowered buildings, or Contaminate may cause inaccurate times.
  • Supply counts are checked every 10 seconds.